Map: Romanticide LE

Players

MarineLorD - Winner!

  • Race: Terran Terran
  • League: Master

milkicow

  • Race: Terran Terran

Event: DreamHack SC2 Masters 2021 Fall

VOD

Have the link to the VOD?

Description

Time

  • Played on: Aug. 1, 2021, 1:40 p.m.
  • Length: 31:19

All games in this series

Show
View Real Time Build Order
Export as new Build Order

MarineLorD Terran - Winner!

Build Orders:  

Get SALT Encoding   

  12  0:00  SCV  
  13  0:12  SCV  
  14  0:17  Supply Depot  
  14  0:24  SCV  
  15  0:38  SCV  
  15  0:42  Refinery, Barracks  
  16  0:50  SCV  
  16  0:53  Refinery  
  17  1:02  SCV  
  18  1:15  SCV  
  19  1:29  Reaper, Orbital Command  
  20  1:34  Supply Depot  
  20  1:41  Factory  
  20  1:54  SCV  
  21  2:01  Reaper  
  21  2:07  SCV  
  23  2:18  Command Center  
  23  2:19  SCV  
  24  2:25  Hellion  
  26  2:31  SCV  
  26  2:36  Reaper  
  28  2:41  Supply Depot  
  28  2:43  SCV  
  29  2:46  Hellion  
  31  2:56  Starport  
  31  3:03  SCV  
  32  3:08  Barracks Reactor, Factory Tech Lab  
  32  3:15  SCV  
  33  3:29  Orbital Command  
  33  3:35  SCV  
  29  3:42  Cyclone  
  29  3:43  Starport Tech Lab  
  29  3:46  Marine x2  
  29  3:47  Refinery  
  34  3:48  SCV  
  35  3:55  SCV  
  35  4:00  SCV  
  35  4:01  Raven  
  39  4:04  Marine x2  
  39  4:07  SCV  
  42  4:13  SCV  
  42  4:17  Siege Tank  
  42  4:20  SCV  
  45  4:24  Marine x2  
  45  4:26  SCV  
  45  4:27  Command Center  
  48  4:32  SCV  
  48  4:34  Refinery, Supply Depot  
  48  4:38  SCV  
  50  4:43  Raven  
  54  4:45  SCV  
  54  4:47  Supply Depot  
  53  4:54  SCV  
  53  4:55  Siege Tank  
  53  4:58  SCV  
  58  5:02  Marine x2  
  58  5:04  Supply Depot  
  58  5:06  SCV  
  61  5:07  Supply Depot  
  61  5:09  Supply Depot  
  61  5:10  SCV  
  62  5:18  SCV  
  62  5:22  SCV  
  63  5:30  SCV  
  63  5:31  Siege Tank  
  63  5:34  SCV  
  68  5:37  Barracks  
  68  5:38  Barracks  
  68  5:39  Orbital Command  
  68  5:45  Viking x2  
  68  5:48  SCV  
  73  5:53  SCV  
  74  6:02  Engineering Bay  
  74  6:03  SCV  
  74  6:05  Engineering Bay  
  74  6:06  Siege Tank  
  74  6:08  Marine  
  74  6:09  Orbital Command  
  78  6:15  Viking x2  
  78  6:17  SCV  
  83  6:21  SCV  
  82  6:29  SCV  
  82  6:30  Barracks Reactor x2, Marine  
  82  6:33  SCV  
  82  6:36  SCV  
  83  6:40  Siege Tank  
  83  6:41  SCV  
  83  6:45  SCV  
  83  6:46  Viking  
  90  6:48  SCV  
  90  6:52  Terran Infantry Armor Level 1, Terran Infantry Weapons Level 1  
  90  6:53  SCV  
  92  6:54  Marine  
  92  6:59  SCV  
  92  7:00  SCV  
  95  7:07  Marine x2  
  95  7:08  Marine  
  98  7:09  Marine, Barracks  
  98  7:10  Barracks  
  98  7:12  Marine, SCV  
  98  7:13  SCV  
  102  7:16  SCV  
  102  7:19  Supply Depot  
  102  7:22  Supply Depot  
  103  7:24  SCV  
  103  7:26  SCV  
  103  7:28  SCV  
  103  7:29  Marine  
  107  7:30  Marine  
  107  7:31  Marine  
  109  7:40  Marine x2, SCV  
  109  7:41  Siege Tank  
  112  7:47  Marine, Viking x2  
  112  7:49  SCV x2  
  119  7:55  Refinery x2  
  119  7:56  Armory  
  119  7:57  Marine x2  
  119  7:58  Sensor Tower  
  121  8:01  Combat Shield  
  121  8:02  Barracks Reactor x2  
  121  8:05  Marine x2  
  115  8:13  Marine, Siege Tank  
  115  8:15  Marine x2  
  121  8:23  Medivac x2  
  125  8:27  Command Center  
  125  8:29  Marine x2, Supply Depot x2  
  125  8:31  Marine  
  125  8:33  Marine x2  
  130  8:37  SCV x3  
  130  8:39  Factory  
  130  8:41  Supply Depot  
  133  8:45  Marine x2  
  133  8:46  Marine  
  119  8:49  SCV  
  119  8:53  Viking x2  
  124  8:56  Marine x2  
  126  9:08  SCV x2  
  128  9:10  Marine x4  
  128  9:14  Marine x4  
  132  9:21  Siege Tank  
  132  9:23  Terran Infantry Weapons Level 2  
  133  9:24  Terran Infantry Armor Level 2  
  133  9:25  Terran Vehicle Weapons Level 1  
  133  9:27  Barracks Reactor  
  133  9:28  Marine x4, SCV x3  
  139  9:32  Marine x4  
  139  9:35  Medivac, Missile Turret  
  139  9:36  Medivac  
  147  9:45  Marine  
  147  9:46  Marine x3  
  147  9:48  Siege Tank  
  147  9:50  Marine x4  
  158  9:57  Barracks Tech Lab  
  158  10:03  Marine x2  
  158  10:04  Marine x2  
  162  10:08  Marine x4  
  166  10:15  Marine  
  159  10:21  Marine x2  
  159  10:22  Marine x2  
  159  10:25  Marine x2, Siege Tank x2  
  159  10:26  Marine x2, Stimpack  
  171  10:32  SCV  
  171  10:33  Marine, SCV  
  169  10:39  Marine  
  165  10:44  Marine x2  
  165  10:45  Marine  
  165  10:47  Marine  
  165  10:48  Marine x2  
  165  10:49  Marine  
  154  10:51  Marine  
  156  10:57  Marine, Siege Tank  
  156  11:02  Marine x2  
  156  11:03  Marine  
  156  11:04  Viking x2  
  166  11:05  Marine x2, Starport  
  166  11:06  Marine  
  166  11:07  Marine, Starport  
  166  11:08  Refinery  
  166  11:09  Refinery, Marine  
  171  11:14  Marine  
  172  11:26  Supply Depot  
  172  11:27  Supply Depot  
  172  11:29  Marine x6  
  178  11:38  Missile Turret  
  178  11:39  Planetary Fortress, Missile Turret  
  178  11:41  Refinery  
  178  11:44  Sensor Tower  
  178  11:46  Refinery  
  178  11:47  Siege Tank x2  
  178  11:54  Marine  
  178  12:04  Marine x2  
  178  12:05  Marine x2  
  177  12:10  Liberator x2  
  177  12:11  Starport Tech Lab x2  
  187  12:23  Siege Tank  
  187  12:24  Terran Vehicle Weapons Level 2, Terran Infantry Weapons Level 3  
  187  12:27  SCV x3  
  188  12:45  Command Center  
  188  12:46  SCV  
  187  12:55  Siege Tank  
  175  13:00  Marine x4  
  179  13:06  Orbital Command  
  179  13:09  Marine x3  
  169  13:14  Marine x2  
  169  13:17  Marine  
  169  13:18  Marine x3, Siege Tank  
  169  13:19  Raven  
  156  13:26  Marine  
  148  13:27  Marine x2  
  148  13:28  Refinery  
  148  13:32  Marine x2  
  152  13:35  Marine x3  
  152  13:36  Marine, Terran Infantry Armor Level 3  
  151  13:44  Marine  
  151  13:45  Marine x2, Missile Turret  
  151  13:47  Missile Turret  
  152  13:50  Marine  
  152  13:51  Raven  
  152  13:52  Sensor Tower, SCV x3  
  158  13:58  SCV  
  158  14:00  Planetary Fortress  
  159  14:04  SCV  
  159  14:05  SCV x2  
  159  14:07  Medivac  
  164  14:14  Refinery, SCV  
  164  14:16  Refinery, SCV  
  164  14:17  SCV x2  
  168  14:19  Raven, Missile Turret  
  170  14:26  SCV  
  170  14:29  SCV x2  
  173  14:35  SCV  
  173  14:37  Armory, Missile Turret x2  
  174  14:38  SCV  
  174  14:40  Sensor Tower, Terran Vehicle And Ship Armor Level 1  
  174  14:41  SCV  
  174  14:43  Missile Turret  
  174  14:45  Medivac x2  
  180  14:52  Missile Turret  
  180  14:53  Raven  
  180  14:54  SCV x2  
  180  14:59  Command Center x2  
  187  15:13  Marine x3  
  187  15:17  Command Center  
  185  15:23  Marine x2  
  186  15:32  Fusion Core, Hi-Sec Auto Tracking  
  186  15:40  Siege Tank x2  
  189  15:46  Viking x4  
  168  16:13  Neosteel Armor  
  168  16:14  Siege Tank x2  
  168  16:16  Viking x3  
  169  16:26  Marine x3  
  169  16:28  Marine x2  
  169  16:31  Marine x2  
  142  16:33  Viking  
  142  16:35  SCV x2  
  142  16:36  SCV  
  142  16:38  SCV x2  
  148  16:41  Marine x2  
  148  16:44  Marine x3  
  148  16:46  Marine x2, Viking, Siege Tank x2  
  163  16:48  Raven  
  163  16:49  Viking  
  163  16:53  Planetary Fortress  
  167  16:55  SCV x5  
  167  16:56  Marine  
  167  16:57  Marine  
  167  16:58  Marine  
  167  16:59  Marine  
  176  17:01  Marine  
  176  17:02  Marine x2  
  176  17:03  Raven  
  176  17:07  SCV x2, Command Center  
  183  17:08  Command Center  
  183  17:12  Terran Ship Weapons Level 1  
  183  17:15  Terran Vehicle And Ship Armor Level 2  
  183  17:30  SCV x2  
  182  17:38  Starport  
  182  17:39  Starport  
  182  17:41  Refinery  
  182  17:43  Refinery  
  182  17:45  Factory Tech Lab  
  182  17:51  Raven x2  
  182  17:56  Starport x2  
  182  17:57  Starport  
  175  18:24  Siege Tank x2  
  177  18:27  Orbital Command x2  
  177  18:33  Command Center  
  177  18:34  Raven, Missile Turret  
  177  18:35  Missile Turret  
  179  18:42  Starport Tech Lab x2  
  179  18:43  Starport Tech Lab  
  179  18:54  Weapon Refit  
  178  19:07  Starport Tech Lab x2  
  178  19:10  Command Center  
  178  19:11  Command Center  
  178  19:14  Command Center  
  178  19:15  Command Center  
  181  19:17  Siege Tank x2  
  181  19:19  Raven x2  
  188  19:50  Viking x5  
  188  19:52  Terran Vehicle And Ship Armor Level 3, Terran Ship Weapons Level 2  
  197  20:13  Orbital Command  
  177  20:14  Orbital Command  
  177  20:24  Siege Tank x2  
  177  20:25  Battlecruiser x2  
  191  20:47  Orbital Command, Battlecruiser x2  
  181  21:11  Unknown  
  168  21:22  Battlecruiser x3  
  177  21:30  Orbital Command  
  177  21:31  Orbital Command  
  177  21:32  Orbital Command x2  
  174  21:40  SCV x7  
  181  21:47  Sensor Tower  
  181  22:04  SCV x4  
  181  22:05  SCV x4  
  189  22:09  Raven x3  
  189  22:12  Orbital Command  
  189  22:14  Siege Tank  
  189  22:15  Missile Turret  
  198  22:25  Missile Turret  
  198  22:29  Command Center, Terran Vehicle Weapons Level 3  
  198  22:30  Command Center  
  198  22:32  Raven  
  198  22:36  Terran Ship Weapons Level 3  
  200  22:46  Orbital Command, Missile Turret  
  200  23:12  Refinery, Smart Servos  
  200  23:13  Refinery  
  200  23:23  Missile Turret  
  200  23:24  Missile Turret  
  200  23:35  Battlecruiser  
  194  23:43  Missile Turret  
  194  23:45  Missile Turret  
  194  23:50  Battlecruiser  
  194  23:51  Orbital Command  
  194  23:52  Orbital Command  
  191  24:25  Battlecruiser  
  188  24:39  Viking x6  
  194  24:54  Battlecruiser  
  200  25:14  Refinery  
  200  25:15  Missile Turret  
  200  25:16  Missile Turret  
  200  25:17  Missile Turret  
  200  25:18  Missile Turret  
  200  25:21  Missile Turret x2  
  200  25:22  Missile Turret  
  194  25:50  Raven x2  
  193  26:19  Viking x4  
  195  26:29  Missile Turret  
  190  26:48  Missile Turret  
  190  26:57  Siege Tank x2  
  194  27:08  Missile Turret  
  194  27:12  Missile Turret  
  194  27:13  Missile Turret  
  194  27:31  Missile Turret  
  194  27:32  Sensor Tower  
  194  27:34  Sensor Tower  
  159  28:28  Siege Tank x2  
  165  28:38  Raven x4  
  165  28:39  Marine x5  
  165  28:40  Marine x2, Orbital Command  
  180  29:00  Siege Tank x2  
  161  29:15  Viking x3  
  161  29:16  Viking x2  
  155  29:21  Viking x4  
  155  29:32  Siege Tank  
  155  29:33  Siege Tank  
  152  29:45  Viking x3  
  152  29:51  Viking x4  
  170  29:56  Command Center  
  170  29:59  Raven x2  
  170  30:05  Siege Tank  
  173  30:15  Raven  
Show
View Real Time Build Order
Export as new Build Order

milkicow Terran 

Build Orders:  

Get SALT Encoding   

  12  0:00  SCV  
  13  0:12  SCV  
  14  0:17  Supply Depot  
  14  0:24  SCV  
  15  0:38  SCV  
  15  0:40  Barracks  
  16  0:44  Refinery  
  16  0:50  SCV  
  17  0:59  Barracks  
  17  1:03  SCV  
  18  1:13  Refinery  
  18  1:15  SCV  
  19  1:27  Reaper  
  19  1:32  Orbital Command  
  20  1:46  Reaper  
  21  1:49  Supply Depot  
  21  1:57  SCV  
  21  1:59  Reaper  
  22  2:11  SCV  
  23  2:18  Reaper  
  23  2:19  Factory  
  24  2:23  SCV  
  25  2:31  Reaper  
  25  2:36  SCV  
  27  2:48  SCV  
  27  2:49  Supply Depot  
  27  2:50  Reaper  
  29  3:00  SCV  
  30  3:09  Reaper  
  30  3:10  Command Center  
  30  3:11  Hellion  
  33  3:13  SCV  
  33  3:24  Reaper  
  33  3:25  SCV  
  37  3:34  Hellion  
  37  3:37  SCV  
  34  3:45  Starport  
  34  3:46  Barracks Reactor, Supply Depot  
  34  3:49  SCV  
  35  3:56  Factory Tech Lab  
  35  3:59  Barracks Tech Lab  
  35  4:01  SCV  
  36  4:03  Refinery  
  36  4:14  SCV  
  35  4:22  Orbital Command  
  33  4:24  Cyclone  
  33  4:26  SCV  
  33  4:28  Marine x2  
  39  4:31  Banshee  
  39  4:34  Marine  
  39  4:38  SCV  
  44  4:46  Marine x2  
  44  4:49  SCV  
  44  4:50  SCV  
  48  4:55  Marine  
  48  4:58  Cyclone  
  52  5:01  SCV  
  52  5:02  SCV  
  52  5:04  Marine  
  56  5:13  SCV  
  58  5:14  Raven, SCV  
  58  5:18  Supply Depot  
  59  5:23  Command Center  
  59  5:25  SCV  
  59  5:27  SCV  
  59  5:28  Marine  
  60  5:34  Marine  
  61  5:37  Supply Depot, SCV  
  61  5:39  Marine, SCV, Siege Tank  
  67  5:49  SCV  
  68  5:52  Marine, SCV  
  68  5:56  Marine  
  70  5:59  Raven  
  70  6:00  Supply Depot  
  70  6:01  SCV  
  70  6:04  SCV  
  75  6:05  Barracks Tech Lab  
  75  6:09  Engineering Bay  
  75  6:10  Refinery, Marine  
  75  6:11  Engineering Bay  
  75  6:13  SCV  
  75  6:16  SCV  
  77  6:22  Siege Tank  
  77  6:24  Supply Depot  
  80  6:26  Marine, SCV, Stimpack  
  80  6:28  SCV  
  80  6:29  Supply Depot  
  83  6:38  Orbital Command  
  83  6:39  Marine  
  81  6:41  SCV  
  81  6:42  Terran Infantry Armor Level 1, Terran Infantry Weapons Level 1  
  81  6:43  Supply Depot  
  81  6:44  Marine  
  82  6:49  SCV  
  82  6:53  SCV  
  84  6:55  Barracks  
  84  6:56  Siege Tank  
  84  6:59  Starport Reactor  
  84  7:00  Orbital Command  
  88  7:01  Marine x2, SCV  
  88  7:05  SCV  
  90  7:10  Marine  
  90  7:13  SCV  
  92  7:17  SCV  
  92  7:19  Marine  
  92  7:21  Barracks  
  92  7:22  Barracks  
  94  7:25  SCV x2  
  94  7:29  Marine x2  
  97  7:30  SCV  
  97  7:32  Siege Tank  
  101  7:37  Marine, SCV  
  101  7:42  SCV  
  93  7:47  Marine x2  
  93  7:49  SCV, Medivac x2  
  96  7:54  SCV  
  96  7:55  Marine  
  96  7:58  Barracks Reactor, Orbital Command  
  98  8:01  SCV  
  98  8:05  Marine x2, Combat Shield  
  101  8:06  SCV, Siege Tank  
  101  8:12  Refinery  
  105  8:13  Marine  
  105  8:14  SCV  
  105  8:15  Barracks Reactor x2  
  105  8:18  Refinery, SCV  
  107  8:23  Marine x2, Medivac  
  107  8:24  SCV  
  107  8:26  SCV  
  112  8:30  SCV  
  112  8:31  Marine  
  114  8:35  Armory  
  114  8:36  SCV  
  114  8:38  SCV  
  114  8:39  Sensor Tower  
  114  8:40  Marine  
  117  8:42  SCV  
  117  8:47  Siege Tank  
  121  8:48  SCV  
  121  8:50  Supply Depot  
  121  8:51  Marine  
  121  8:52  Marine  
  121  8:53  Marine  
  125  8:56  Marine  
  125  8:58  Supply Depot  
  125  9:05  Marine x2, SCV  
  125  9:11  Marine, Supply Depot  
  125  9:13  SCV  
  125  9:14  Marine  
  125  9:16  Marine x5  
  131  9:18  SCV  
  131  9:19  Factory  
  131  9:20  Supply Depot  
  131  9:23  Marine x2, Terran Infantry Weapons Level 2  
  134  9:29  Terran Infantry Armor Level 2  
  134  9:30  Marine  
  135  9:38  Marine x2, Siege Tank  
  138  9:39  Marine x4  
  138  9:41  SCV  
  138  9:42  Viking  
  147  9:48  Viking  
  147  9:50  SCV  
  150  9:55  Terran Vehicle Weapons Level 1  
  150  9:58  Marine x2, Command Center  
  149  10:00  Marine x2  
  149  10:01  Marine  
  149  10:06  Siege Tank  
  149  10:07  SCV  
  148  10:08  SCV  
  148  10:11  Marine  
  148  10:13  Marine, SCV  
  141  10:19  SCV  
  141  10:20  SCV  
  140  10:25  Marine, SCV  
  140  10:28  Marine x2  
  143  10:29  Siege Tank  
  143  10:31  SCV  
  143  10:33  SCV  
  149  10:37  SCV  
  149  10:38  Siege Tank  
  149  10:41  Marine x4  
  150  10:43  SCV  
  150  10:45  SCV  
  150  10:49  Marine, SCV  
  145  10:55  SCV  
  145  10:56  Marine  
  143  10:57  Marine x2, SCV  
  143  10:58  Marine  
  143  10:59  Medivac  
  143  11:01  SCV  
  146  11:04  Marine x3  
  146  11:05  Siege Tank  
  146  11:07  SCV  
  146  11:09  SCV  
  154  11:11  Planetary Fortress  
  154  11:13  SCV  
  154  11:14  Marine  
  156  11:18  Marine  
  156  11:22  Starport x2  
  156  11:23  Viking  
  157  11:29  Viking  
  157  11:30  Siege Tank  
  157  11:32  Marine  
  163  11:33  SCV  
  163  11:34  SCV  
  163  11:36  SCV  
  166  11:40  Refinery x2, Sensor Tower  
  166  11:42  Marine  
  166  11:45  SCV  
  166  11:46  SCV  
  169  11:47  Siege Tank  
  169  11:52  Marine  
  172  11:55  Marine x2  
  172  11:57  SCV  
  172  11:58  Marine, SCV  
  170  12:03  Supply Depot  
  170  12:04  Supply Depot  
  170  12:06  Command Center  
  170  12:08  Siege Tank  
  160  12:11  Marine  
  157  12:16  SCV, Starport Tech Lab x2  
  157  12:18  SCV  
  158  12:25  Marine  
  158  12:26  Siege Tank  
  162  12:30  Command Center  
  162  12:33  Viking x2  
  162  12:35  Terran Vehicle Weapons Level 2  
  166  12:42  SCV  
  168  12:44  SCV  
  168  12:47  Marine x2  
  168  12:48  SCV  
  169  12:51  Siege Tank  
  169  12:52  Marine x3  
  169  12:56  Marine  
  169  12:57  Medivac  
  166  12:59  Marine  
  166  13:00  Marine x2, Raven, Siege Tank  
  166  13:05  Marine x2  
  169  13:07  SCV  
  169  13:10  Marine x3, Medivac  
  169  13:11  SCV  
  169  13:14  SCV  
  169  13:15  Marine  
  169  13:19  SCV  
  161  13:23  Siege Tank  
  161  13:26  Marine x2  
  161  13:27  Command Center  
  161  13:29  Raven  
  161  13:32  Marine x2  
  163  13:40  SCV x2  
  159  13:42  Marine x2, SCV  
  159  13:44  Marine, Raven  
  159  13:45  Viking x2  
  167  13:49  Siege Tank  
  167  13:52  SCV  
  167  13:53  SCV  
  167  13:54  Marine  
  167  13:55  SCV  
  174  13:56  Marine  
  175  14:05  SCV, Engineering Bay  
  175  14:09  Supply Depot, Engineering Bay  
  177  14:11  Raven  
  177  14:12  Marine x2  
  177  14:14  Siege Tank  
  177  14:15  Viking  
  186  14:17  SCV  
  186  14:21  Marine x2  
  188  14:28  Supply Depot  
  188  14:29  Supply Depot  
  188  14:30  Command Center  
  188  14:31  Raven, Viking  
  192  14:34  Missile Turret  
  192  14:37  Planetary Fortress  
  192  14:38  Missile Turret  
  192  14:41  Terran Infantry Weapons Level 3  
  192  14:50  Marine, Terran Infantry Armor Level 3  
  192  14:51  Marine x3  
  196  14:55  Marine, SCV  
  196  14:56  SCV  
  196  14:57  SCV x2  
  200  15:09  Missile Turret x2  
  200  15:11  Command Center  
  200  15:16  Terran Ship Weapons Level 1  
  200  15:18  Armory  
  200  15:22  Orbital Command  
  200  15:24  Refinery  
  199  15:30  Marine x2  
  193  15:43  Orbital Command  
  193  15:47  Refinery  
  161  16:07  SCV x5  
  161  16:09  Siege Tank  
  151  16:14  Marine  
  151  16:15  Marine x6  
  151  16:16  Raven x2, Siege Tank, Viking  
  165  16:19  SCV x2  
  165  16:22  SCV  
  165  16:23  Marine  
  169  16:31  Marine  
  169  16:32  Marine  
  145  16:33  Marine x4  
  145  16:34  SCV  
  145  16:37  Command Center  
  145  16:38  Command Center  
  145  16:39  Refinery, Orbital Command  
  142  16:41  Marine, Siege Tank  
  142  16:43  Command Center  
  142  16:44  Marine  
  147  16:51  Terran Vehicle And Ship Armor Level 1  
  147  16:52  Marine x4  
  147  16:53  Viking x2, Siege Tank  
  158  16:54  SCV  
  158  16:55  Marine, SCV x3  
  158  17:00  Raven x2  
  167  17:02  SCV  
  167  17:11  Marine x2  
  167  17:15  Marine  
  167  17:18  SCV  
  167  17:19  SCV  
  168  17:22  Siege Tank  
  168  17:23  Viking x2  
  168  17:26  Hi-Sec Auto Tracking, Missile Turret  
  168  17:27  Unknown  
  168  17:28  Missile Turret x2  
  171  17:30  Marine  
  172  17:38  Starport x2  
  172  17:44  Marine  
  172  17:46  Raven x2  
  172  17:49  Marine, Missile Turret  
  178  17:57  Marine  
  179  18:03  Marine  
  169  18:08  Marine  
  169  18:09  SCV x2  
  166  18:20  Viking x2  
  166  18:23  SCV  
  168  18:27  SCV  
  168  18:29  Raven x2  
  168  18:31  Orbital Command  
  168  18:32  Marine  
  173  18:45  Marine  
  173  18:46  Marine  
  174  18:48  Marine  
  174  18:49  Marine  
  174  18:50  Marine, Viking  
  174  18:53  Viking, Terran Ship Weapons Level 2, Terran Vehicle And Ship Armor Level 2  
  180  19:01  Marine  
  180  19:11  Siege Tank  
  180  19:12  Raven  
  180  19:13  Missile Turret  
  180  19:14  Missile Turret  
  185  19:17  Marine  
  185  19:19  Marine  
  185  19:20  Marine x2  
  185  19:22  Corvid Reactor  
  189  19:24  Starport Reactor, Starport Tech Lab  
  189  19:30  Siege Tank  
  186  19:37  Missile Turret  
  185  19:38  Missile Turret  
  185  19:43  Siege Tank  
  188  19:49  Marine  
  188  19:50  Marine  
  190  19:55  Viking x2  
  190  19:58  Marine  
  194  20:07  Marine x4, Raven, Siege Tank  
  190  20:13  Marine  
  198  20:14  Marine  
  198  20:17  Marine  
  198  20:20  Marine  
  193  20:22  Planetary Fortress  
  193  20:23  SCV x2  
  193  20:27  Raven  
  193  20:31  Marine  
  189  20:43  Sensor Tower  
  189  20:44  Siege Tank  
  189  20:45  Marine, Medivac  
  189  20:47  Raven  
  189  20:48  Viking  
  183  20:51  Marine  
  183  20:54  SCV  
  185  21:00  Marine  
  185  21:01  Marine x3, Raven  
  191  21:05  Unknown  
  191  21:08  SCV  
  191  21:09  Missile Turret  
  191  21:11  Missile Turret  
  192  21:17  Marine  
  177  21:21  Marine  
  177  21:25  Raven, Liberator  
  158  21:27  Viking  
  158  21:30  Marine x3, Viking  
  158  21:31  Marine x2  
  170  21:33  Marine x2  
  170  21:35  Marine  
  170  21:38  Refinery, SCV x4  
  170  21:39  Marine, Refinery  
  178  21:42  Missile Turret  
  178  21:46  Missile Turret  
  178  21:47  Missile Turret  
  178  21:48  Marine x5  
  178  21:50  Marine  
  178  21:51  Marine, Raven, Command Center x2  
  178  21:52  Siege Tank  
  178  21:53  Marine  
  191  21:56  Viking x2  
  191  21:57  Marine, SCV  
  197  22:05  Orbital Command  
  197  22:06  Marine x3  
  200  22:31  Command Center  
  200  22:39  Orbital Command  
  200  22:44  Missile Turret x2  
  200  22:45  Missile Turret x2  
  200  22:46  Missile Turret  
  200  22:54  Neosteel Armor, Missile Turret x2  
  200  22:55  Missile Turret  
  200  22:56  Missile Turret x2  
  200  22:57  Missile Turret  
  200  23:03  Orbital Command x2  
  200  23:07  Command Center  
  184  23:37  Marine x2  
  183  23:42  SCV x2  
  183  23:43  Marine  
  183  23:46  Raven x3  
  183  23:47  Missile Turret  
  192  23:48  Missile Turret  
  192  23:49  Fusion Core  
  192  23:56  Marine  
  192  24:01  Marine x2  
  192  24:02  Marine x3  
  198  24:04  Missile Turret  
  198  24:05  Missile Turret  
  172  24:25  Marine  
  172  24:26  Marine  
  172  24:29  Raven x3  
  178  24:35  Siege Tank  
  178  24:36  Marine  
  178  24:37  Marine  
  178  24:38  Marine  
  175  24:40  Viking  
  172  24:50  Refinery  
  172  24:51  Marine  
  166  24:53  Marine  
  159  25:00  Marine  
  159  25:01  SCV x4  
  159  25:02  SCV  
  163  25:07  SCV  
  163  25:12  Raven x2  
  168  25:18  Planetary Fortress  
  168  25:23  Refinery  
  168  25:24  Raven  
  168  25:26  Siege Tank  
  173  25:34  Missile Turret  
  173  25:35  Missile Turret  
  173  25:37  Missile Turret  
  173  25:39  SCV  
  173  25:40  SCV x3  
  177  25:45  Viking  
  175  25:51  Siege Tank  
  175  25:54  Marine, SCV, Raven  
  175  25:56  Marine  
  181  26:00  Smart Servos  
  181  26:02  Marine  
  182  26:04  Raven  
  182  26:08  Marine  
  182  26:10  SCV  
  186  26:15  Raven  
  188  26:19  Terran Vehicle And Ship Armor Level 3  
  188  26:20  Missile Turret x2, Terran Ship Weapons Level 3  
  188  26:21  Missile Turret x4  
  188  26:22  Missile Turret  
  183  26:37  Raven, Medivac x2  
  171  26:42  Viking  
  171  26:43  Viking  
  171  26:44  Missile Turret x2  
  173  26:47  Raven  
  173  26:51  Orbital Command  
  173  26:56  Refinery  
  173  26:57  Raven  
  173  27:00  Siege Tank  
  172  27:06  Marine, Viking  
  172  27:07  Viking, Missile Turret  
  172  27:08  Missile Turret  
  176  27:09  Missile Turret  
  176  27:10  Missile Turret  
  176  27:12  Viking  
  176  27:14  Marine  
  179  27:17  Marine  
  179  27:20  Raven  
  179  27:21  Viking  
  180  27:30  Viking, Missile Turret  
  180  27:31  Missile Turret  
  180  27:34  Marine  
  180  27:35  Siege Tank  
  186  27:40  Marine  
  186  27:41  Raven  
  176  27:57  Marine x2  
  174  28:01  SCV, Hellbat  
  174  28:09  Orbital Command  
  170  28:17  Raven  
  151  28:28  Marine  
  151  28:30  Raven x2, Viking x2  
  151  28:31  Siege Tank x2  
  151  28:32  Marine x2  
  163  28:38  Refinery  
  164  28:44  Viking  
  163  28:54  Marine  
  159  28:55  Marine, Refinery  
  159  28:56  Marine  
  153  29:03  Siege Tank  
  153  29:06  Raven  
  153  29:08  Siege Tank  
  141  29:18  Raven  
  141  29:20  Raven  
  122  29:35  Viking x2, Siege Tank  
  122  29:36  Marine x2  
  122  29:37  Marine x5  
  131  29:44  Marine  
  131  29:45  Marine  
  133  29:46  SCV  
  133  29:49  Raven  
  133  29:51  SCV x3  
  139  29:54  Marine  
  139  29:59  Marine x3  
  143  30:01  Raven, Viking  
  143  30:06  SCV  
  148  30:14  Marine  
  148  30:16  Viking  
  151  30:21  Command Center  
  151  30:23  Marine  
  151  30:24  Marine  
  151  30:27  Raven  
  153  30:29  Viking  
  152  30:40  Marine  
  152  30:41  Marine  
  152  30:42  Marine  
  152  30:43  Viking  
  152  30:49  Marine  
  139  30:51  Marine  
  139  30:52  Marine  
  139  30:54  Marine  
  129  30:57  SCV  

Tags
 
Add a new tag
Caveats
  • Supply blocks, unpowered buildings, or Contaminate may cause inaccurate times.
  • Supply counts are checked every 10 seconds.